AoeStats
← Ragna265

Glade

510309806Analyzed
1v1 RM · 2d ago on Sep 30, 2026· 23m 47s· 2 players
Game mode
Random Map
Map size
Tiny (2 player)
Population
200
Speed
Normal
Resources
Standard
Victory
Conquest
Starting age
Dark Age
Ending age
Imperial Age
RankedLock teamsTeams togetherTeam positionsShared explorationLock speedFull tech treeHidden civsTurbo modeCheats
Victory
Defeat
🇦🇷 Chinese · Argentina
390
+17
🇷🇺 Slavs · Russia
403
-17
Ragna265
0:40 Loom
12:05 Feudal Age
13:34 Town Watch
17:24 Wheelbarrow
20:27 Castle Age
19:43 Forging
21:33 Hand Cart
23:04 Iron Casting
Vald
11:19 Feudal Age
18:03 Castle Age
15:56 Double-Bit Axe
18:51 Forging
19:15 Bow Saw
Connection lost

Rejoining the realm…

Still unreachable

The connection could not be restored.

Session expired

The server has moved on; the page needs a fresh start.